AoeStats
← Brahmaking

Black Forest

510110508Analyzed
2v2 RM · 2d ago on Sep 29, 2026· 58m 43s· 4 players
Game mode
Random Map
Map size
Medium (4 player)
Population
200
Speed
Normal
Resources
Standard
Victory
Conquest
Starting age
Dark Age
Ending age
Imperial Age
RankedLock teamsTeams togetherTeam positionsShared explorationLock speedFull tech treeHidden civsTurbo modeCheats
Victory
Defeat
🇬🇧 Saracens · United Kingdom
762
+19
🇰🇿 Britons · Kazakhstan
752
+19
🇺🇸 Khmer · United States
841
-20
🇲🇹 Turks · Malta
797
-18
Leeeroy__Jenkins
6:42 Loom
12:59 Feudal Age
13:33 Double-Bit Axe
19:37 Castle Age
18:22 Gold Mining
18:29 Stone Mining
20:35 Bow Saw
23:16 Caravan
24:24 Horse Collar
29:49 Fortified Wall
33:04 Stone Shaft Mining
35:57 Imperial Age
34:06 Wheelbarrow
33:17 Town Watch
34:51 Ballistics
35:57 Masonry
36:13 Hand Cart
37:45 Devotion
39:22 Gold Shaft Mining
39:21 Double Crossbow
39:43 Heavy Plow
40:47 Elite Ballista Elephant
41:50 Husbandry
42:01 Bloodlines
41:11 Light Cavalry
42:01 Scale Barding Armor
42:07 Forging
41:48 Fletching
42:32 Architecture
43:00 Conscription
45:10 Chain Barding Armor
45:26 Iron Casting
44:47 Bodkin Arrow
44:53 Padded Archer Armor
47:37 Crop Rotation
48:04 Plate Barding Armor
48:31 Blast Furnace
47:43 Hussar
48:34 Murder Holes
48:45 Siege Engineers
48:29 Onager
54:28 Elite Battle Elephant
Brahmaking
3:21 Loom
16:17 Feudal Age
17:33 Wheelbarrow
16:48 Double-Bit Axe
16:46 Horse Collar
17:14 Gold Mining
17:49 Town Watch
18:19 Stone Mining
24:34 Castle Age
26:39 Gold Shaft Mining
26:22 Bow Saw
27:07 Heavy Plow
29:20 Gold Shaft Mining
31:43 Ballistics
31:04 Treadmill Crane
32:50 Heated Shot
33:12 Masonry
35:00 Hand Cart
37:38 Town Patrol
38:00 Caravan
39:16 Sipahi
42:30 Imperial Age
40:55 Thumb Ring
41:02 Scale Barding Armor
40:58 Scale Mail Armor
41:09 Forging
40:49 Fletching
41:00 Padded Archer Armor
42:18 Sipahi
42:38 Husbandry
42:49 Bloodlines
43:37 Conscription
44:03 Hoardings
44:12 Bombard Tower
44:23 Architecture
43:51 Murder Holes
44:07 Fortified Wall
44:21 Chain Barding Armor
44:17 Chain Mail Armor
44:59 Heavy Cavalry Archer
47:31 Parthian Tactics
48:22 Elite Janissary
50:54 Heavy Camel Rider
53:38 Coinage
53:20 Artillery
58:10 Plate Mail Armor
58:16 Iron Casting
57:36 Bodkin Arrow
57:56 Leather Archer Armor
58:17 Plate Barding Armor
Ghest
1:19 Loom
14:50 Feudal Age
19:16 Castle Age
17:53 Double-Bit Axe
20:06 Bow Saw
19:37 Horse Collar
28:00 Heavy Plow
31:26 Caravan
34:16 Scale Barding Armor
34:21 Forging
34:37 Gold Mining
34:41 Stone Mining
35:30 Wheelbarrow
34:42 Town Watch
39:19 Imperial Age
37:18 Bloodlines
37:09 Husbandry
36:29 Light Cavalry
38:21 Gold Shaft Mining
38:17 Ballistics
37:53 Murder Holes
39:25 Iron Casting
39:11 Chain Barding Armor
38:42 Fletching
38:52 Scale Mail Armor
38:52 Padded Archer Armor
39:19 Hussar
40:21 Conscription
41:09 Chemistry
39:56 Arrowslits
40:21 Masonry
40:24 Pikeman
40:50 Gambesons
41:05 Squires
40:50 Arson
41:36 Parthian Tactics
42:14 Town Patrol
42:31 Hand Cart
43:53 Two-Man Saw
42:22 Man-at-Arms
42:29 Elite Mameluke
44:08 Bodkin Arrow
44:28 Leather Archer Armor
44:28 Chain Mail Armor
46:26 Plate Barding Armor
46:51 Blast Furnace
46:23 Plate Mail Armor
Monument
0:29 Loom
12:41 Feudal Age
13:13 Double-Bit Axe
14:25 Wheelbarrow
13:34 Horse Collar
21:05 Castle Age
19:37 Fishing Lines
20:12 Gold Mining
20:23 Stone Mining
20:31 Fletching
20:42 Padded Archer Armor
24:11 Bodkin Arrow
24:33 Leather Archer Armor
24:46 Gillnets
27:56 Bow Saw
29:03 Hand Cart
29:49 Ballistics
29:28 Murder Holes
29:15 Treadmill Crane
34:24 Yeomen
37:42 Imperial Age
38:53 Bracer
39:23 Ring Archer Armor
39:04 Forging
38:55 Scale Mail Armor
38:44 Pikeman
40:36 Chemistry
39:23 Arrowslits
39:51 Fortified Wall
39:52 Masonry
40:12 Halberdier
40:54 Squires
40:40 Arson
41:08 Town Watch
41:23 Gambesons
41:54 Caravan
42:18 Siege Engineers
42:51 Conscription
43:39 Two-Man Saw
43:44 Elite Longbowman
44:48 Town Patrol
45:24 Warwolf
47:37 Hoardings
49:42 Chain Mail Armor
50:03 Iron Casting
50:04 Architecture
49:16 Sappers
49:16 Man-at-Arms
51:46 Onager
53:55 Blast Furnace
53:25 Plate Mail Armor
53:56 Capped Ram
53:57 Heavy Scorpion
Connection lost

Rejoining the realm…

Still unreachable

The connection could not be restored.

Session expired

The server has moved on; the page needs a fresh start.